 Dungeon Crawl Stone Soup version 0.21.1-1-g345015f (webtiles) character file.

254 Krilegs the Chopper (level 6, -12/53 HPs)
             Began as a Hill Orc Fighter on May 7, 2018.
             Mangled by an orc warrior
             ... wielding a +0 battleaxe
              (20 damage)
             ... on level 4 of the Dungeon.
             The game lasted 00:09:38 (2992 turns).

Krilegs the Chopper (Hill Orc Fighter)              Turns: 2992, Time: 00:09:42

Health: -12/53     AC:  8    Str: 26    XL:     6   Next: 15%
Magic:  6/6        EV: 11    Int:  8    God:
Gold:   229        SH: 10    Dex: 12    Spells: 5/5 levels left

rFire    . . .     SeeInvis .   a - +0 war axe
rCold    . . .     Gourm    .   c - +0 shield
rNeg     . . .     Faith    .   b - +0 scale mail
rPois    .         Spirit   .   (no helmet)
rElec    .         Reflect  .   (no cloak)
rCorr    +         Harm     .   j - +0 pair of gloves
MR       .....                  (no boots)
Stlth    ..........             (no amulet)
HPRegen  0.17/turn              q - ring of resist corrosion
MPRegen  0.10/turn              (no ring)

@: mighty, about to teleport, hasted, very quick
A: repulsion field 1, agile 1, sturdy frame 1
a: no special abilities


You were on level 4 of the Dungeon.
You were not hungry.

You visited 1 branch of the dungeon, and saw 4 of its levels.
You also visited: Sewer.

You collected 229 gold pieces.

Inventory:

Hand Weapons
 a - a +0 war axe (weapon)
 k - a cursed -2 mace
 m - a +2 spear of venom
Armour
 b - a +0 scale mail (worn)
 c - a +0 shield (worn)
 j - a +0 pair of gloves (worn)
Jewellery
 q - a ring of resist corrosion (left hand)
 u - an uncursed ring of positive energy {unknown}
Wands
 g - a wand of random effects (19)
 p - a wand of polymorph (14)
 s - a wand of scattershot (8)
Scrolls
 h - 2 scrolls of remove curse
 i - a scroll of random uselessness {unknown}
 l - a scroll of amnesia
 r - a scroll of noise {unknown}
 v - a scroll of magic mapping {unknown}
 w - 2 scrolls of teleportation
Potions
 d - a potion of might
 o - a potion of agility {unknown}
 t - a potion of flight
Comestibles
 f - 7 rations


   Skills:
 + Level 4.4 Fighting
 + Level 5.1 Axes
 + Level 4.5 Armour
 + Level 1.1 Dodging
 + Level 4.5 Shields


You had 5 spell levels left.
You didn't know any spells.

Dungeon Overview and Level Annotations

Branches:
Dungeon (4/15)             Temple (0/1) D:4

Altars:
Ashenzari
Dithmenos
Nemelex Xobeh
Uskayaw
Xom


Innate Abilities, Weirdness & Mutations

You are surrounded by a mild repulsion field. (EV +2)
You are agile. (Dex +2)
Your movements are slightly less encumbered by armour. (ER -2)


Message History

You completely miss the orc wizard. You miss the adder.
The jackal barks!
You hit the orc warrior.
The jackal moves out of view.
The orc wizard casts a spell.
The orc wizard flickers and vanishes!
Deactivating autopickup; reactivate with Ctrl-A.
The adder bites you.
* * * LOW HITPOINT WARNING * * *
You block the orc warrior's attack.
The orc wizard hits you but does no damage.
Okay, then.
As you read the scroll of teleportation, it crumbles to dust.
You feel strangely unstable. The adder bites you but does no damage.
You barely miss the orc warrior.
The orc warrior is moderately wounded.
You miss the adder. You hit the orc wizard. The adder bites you.
* * * LOW HITPOINT WARNING * * *
You block the orc wizard's attack.
The orc warrior hits you with a battleaxe!!
You die...

.# ...
..###..## ## ##
#.#....##.##...
#......#......
#
#...h....#....
.(#8.8#.....#
#8...8h...#
##8.>.8oS.##
..8...8@##.#
.?#888#o# #.#
.......{. #.#
###.#.#..# ...
#.#.#..# #.# #
# #..# .# ...#
#..#


You could see an orc warrior, an orc wizard, an adder and 2 jackals.

Vanquished Creatures
  Purgy (Sewer)
  Ijyb (D:3)
  A worker ant (D:4)
  5 adders
  2 dart slugs (D:2)
  4 leopard geckos
  An orc (D:3)
  7 goblins
  4 hobgoblins
  7 jackals
  7 kobolds
  8 bats
  8 frilled lizards
  2 rats
58 creatures vanquished.

Notes
Turn   | Place    | Note
-------+----------+-------------------------------------------
     0 | D:1      | Krilegs the Hill Orc Fighter began the quest for the Orb.
     0 | D:1      | Reached XP level 1. HP: 19/19 MP: 1/1
   159 | D:1      | Reached XP level 2. HP: 27/27 MP: 2/2
   245 | D:1      | Reached skill level 3 in Axes
   651 | D:1      | Reached XP level 3. HP: 33/33 MP: 3/3
   877 | D:2      | Gained mutation: You have supernaturally acute eyesight. (SInv) [potion of mutation]
   877 | D:2      | Gained mutation: You have sharp toenails. [potion of mutation]
   877 | D:2      | Gained mutation: You are agile. (Dex +2) [potion of mutation]
   933 | D:2      | Found a hide-covered altar of Uskayaw.
   933 | D:2      | Found a sparkling altar of Nemelex Xobeh.
   934 | D:2      | Found a shadowy altar of Dithmenos.
   946 | D:2      | Found a shattered altar of Ashenzari.
  1174 | D:2      | Reached XP level 4. HP: 30/40 MP: 4/4
  1245 | D:2      | Reached skill level 4 in Axes
  1695 | D:2      | Lost mutation: You have sharp toenails. [potion of mutation]
  1695 | D:2      | Lost mutation: You have supernaturally acute eyesight. (SInv) [potion of mutation]
  1695 | D:2      | Gained mutation: You are weak. (Str -2) [potion of mutation]
  1695 | D:2      | Gained mutation: Your natural rate of healing is unusually fast. [potion of mutation]
  1871 | D:3      | Noticed Ijyb
  1891 | D:3      | Killed Ijyb
  1964 | D:3      | Reached XP level 5. HP: 33/46 MP: 5/5
  1965 | D:3      | Found a glowing drain.
  1976 | Sewer    | Entered a sewer
  2036 | Sewer    | Noticed Purgy
  2055 | Sewer    | Killed Purgy
  2055 | Sewer    | Reached skill level 1 in Dodging
  2187 | Sewer    | Lost mutation: You are weak. (Str -2) [potion of mutation]
  2187 | Sewer    | Lost mutation: You are agile. (Dex +2) [potion of mutation]
  2187 | Sewer    | Lost mutation: Your natural rate of healing is unusually fast. [potion of mutation]
  2187 | Sewer    | Gained mutation: Your flesh is cold resistant. (rC+) [potion of mutation]
  2187 | Sewer    | Gained mutation: You can translocate small distances at will. [potion of mutation]
  2187 | Sewer    | Gained mutation: You evolve. [potion of mutation]
  2188 | Sewer    | Lost mutation: You can translocate small distances at will. [potion of mutation]
  2188 | Sewer    | Lost mutation: You evolve. [potion of mutation]
  2188 | Sewer    | Lost mutation: Your flesh is cold resistant. (rC+) [potion of mutation]
  2188 | Sewer    | Gained mutation: You are surrounded by a mild repulsion field. (EV +2) [potion of mutation]
  2188 | Sewer    | Gained mutation: Your movements are slightly less encumbered by armour. (ER -2) [potion of mutation]
  2188 | Sewer    | Gained mutation: You are agile. (Dex +2) [potion of mutation]
  2291 | D:3      | Reached XP level 6. HP: 53/53 MP: 6/6
  2303 | D:3      | Found a faded altar of an unknown god.
  2681 | D:3      | Found a shimmering altar of Xom.
  2971 | D:4      | Found a staircase to the Ecumenical Temple.
  2976 | D:4      | Noticed an orc warrior
  2982 | D:4      | Reached skill level 5 in Axes
  2992 | D:4      | Mangled by an orc warrior

Skill      XL: |  1  2  3  4  5  6 |
---------------+-------------------+-----
Axes           | 3 4 5 |  5.1
Fighting       | 4 |  4.4
Armour         | 4 |  4.5
Shields        | 4 |  4.5
Dodging        | 1 |  1.1

Action                   |  1- 3 |  4- 6 || total
-------------------------+-------+-------++-------
Melee: War axe           |   133 |   126 ||   259
       Kick              |     8 |     1 ||     9
  Use: Potion            |     4 |    12 ||    16
       Scroll            |     3 |     3 ||     6
  Eat: Ration            |       |     2 ||     2
Armor: Scale mail        |   105 |    92 ||   197
Dodge: Dodged            |    62 |    44 ||   106
Block: Shield            |   100 |    78 ||   178
